AoeStats
← LE CORBUSIER

Arena

510737642Analyzed
1v1 RM · 11h ago on Oct 2, 2026· 43m 47s· 2 players
Game mode
Random Map
Map size
Tiny (2 player)
Population
200
Speed
Normal
Resources
Standard
Victory
Conquest
Starting age
Dark Age
Ending age
Imperial Age
RankedLock teamsTeams togetherTeam positionsShared explorationLock speedFull tech treeHidden civsTurbo modeCheats
Victory
Defeat
🇹🇷 Bengalis · Türkiye
1379
+14
🇩🇪 Poles · Germany
1338
-14
DeltaSqui
11:01 Feudal Age
12:28 Loom
15:20 Castle Age
13:26 Double-Bit Axe
14:06 Horse Collar
16:49 Heavy Plow
30:12 Imperial Age
28:37 Szlachta Privileges
29:19 Bow Saw
29:16 Scale Barding Armor
29:26 Bloodlines
30:18 Wheelbarrow
30:31 Cavalier
31:49 Chain Barding Armor
32:44 Hand Cart
33:16 Forging
32:49 Light Cavalry
34:35 Iron Casting
34:59 Conscription
35:17 Winged Hussar
39:18 Lechitic Legacy
41:42 Blast Furnace
40:56 Husbandry
LE CORBUSIER
10:09 Feudal Age
14:07 Castle Age
12:59 Double-Bit Axe
15:55 Horse Collar
21:20 Bow Saw
22:49 Wheelbarrow
22:02 Loom
22:05 Town Watch
22:51 Gold Mining
22:52 Stone Mining
24:08 Hand Cart
24:42 Gold Shaft Mining
25:00 Heavy Plow
28:52 Imperial Age
26:30 Town Patrol
26:27 Crossbowman
28:32 Fletching
28:42 Padded Archer Armor
29:17 Bodkin Arrow
29:47 Bloodlines
29:38 Husbandry
29:39 Light Cavalry
31:34 Chemistry
32:21 Bracer
32:27 Scale Barding Armor
33:20 Leather Archer Armor
33:15 Forging
34:27 Two-Man Saw
34:03 Crop Rotation
33:02 Arbalester
33:57 Paiks
34:48 Chain Barding Armor
35:24 Ring Archer Armor
37:09 Plate Barding Armor
37:10 Iron Casting
38:56 Pikeman
39:37 Squires
41:56 Mahayana
41:13 Halberdier
42:55 Blast Furnace
41:56 Scale Mail Armor
Connection lost

Rejoining the realm…

Still unreachable

The connection could not be restored.

Session expired

The server has moved on; the page needs a fresh start.